 Dungeon Crawl Stone Soup version 0.27.1-4-g1640c2035a (webtiles) character file.

Game seed: 9669405598275072554

51 styxcanada the Sneak (level 3, 0/18 HPs)
             Began as a Spriggan Brigand on Nov 9, 2021.
             Slain by a gnoll (8 damage)
             ... on level 2 of the Dungeon.
             The game lasted 00:04:02 (1487 turns).

styxcanada the Sneak (Spriggan Brigand)             Turns: 1487, Time: 00:04:03

Health: 0/18       AC:  3    Str:  7    XL:     3   Next: 58%
Magic:  4/4        EV: 17    Int: 12    God:
Gold:   40         SH:  0    Dex: 17    Spells: 2/2 levels left

rFire    . . .     SeeInvis +   i - +3 dagger (drain)
rCold    . . .     Faith    .   (shield restricted)
rNeg     . . .     Spirit   .   b - +0 robe
rPois    .         Reflect  .   (helmet restricted)
rElec    .         Harm     .   c - +0 cloak
rCorr    .         Rampage  .   (gloves unavailable)
Will     .....                  (boots unavailable)
Stlth    ++++......             (no amulet)
HPRegen  0.06/turn              g - ring of flight
MPRegen  0.09/turn              (no ring)

@: flying, very quick
A: very small, no large weapons, unfitting armour, see invisible, speed 3
a: no special abilities


You were on level 2 of the Dungeon.
You visited 1 branch of the dungeon, and saw 2 of its levels.

You collected 40 gold pieces.

Inventory:

Hand Weapons
 a - a +2 dagger
 i - a +3 dagger of draining (weapon)
 j - a +0 hunting sling
Missiles
 d - a poisoned dart (quivered)
 e - 4 curare-tipped darts
 f - 20 stones
Armour
 b - a +0 robe (worn)
 c - a +0 cloak (worn)
Jewellery
 g - a ring of flight (left hand)
Scrolls
 h - a scroll of amnesia {unknown}
Potions
 k - a potion of lignification {unknown}
 l - a potion of might {unknown}
 m - a potion of curing {unknown}
 n - a potion of degeneration {unknown}


   Skills:
 * Level 1.8 Fighting
 + Level 2.6 Short Blades
 + Level 2.1 Throwing
 * Level 2.1 Dodging
 * Level 7.0 Stealth


You had 2 spell levels left.
You didn't know any spells.
Your spell library was empty.

Dungeon Overview and Level Annotations

Branches:
Dungeon (2/15)

Altars:


Innate Abilities, Weirdness & Mutations

You are very small and have problems with some larger weapons.
You are too small for most types of armour.
You have supernaturally acute eyesight. (SInv)
You cover ground extremely quickly. (Speed+++)


Message History

The gnoll looks even sicker.
The gnoll is almost dead.
You kill the gnoll!
Your life force feels restored.
Your Dodging skill increases to level 2!
Throw: 3 darts (poison)
Press: ? - help, Q - select action, (/) - cycle Shift-Dir - straight line, f/p - gnoll
Aim: a gnoll, wielding a +0 flail (64% to hit)
You throw a poisoned dart. The poisoned dart hits the gnoll!
The gnoll is poisoned.
Throw: 2 darts (poison)
Press: ? - help, Q - select action, (/) - cycle Shift-Dir - straight line, f/p - gnoll
Aim: a gnoll, wielding a +0 flail (lightly wounded, very poisoned, 64% to hit)
You throw a poisoned dart.
The poisoned dart closely misses the gnoll.
The poisoned dart hits the ball python.
The ball python is poisoned.
The ball python is moderately wounded.
You feel a bit more experienced.
You hit the gnoll but do no damage. You drain the gnoll.
You kill the gnoll!
Your Stealth skill increases to level 7!
Things that are here:
a +0 flail; a gnoll corpse
Things that are here:
a +0 flail; a poisoned dart; a ball python corpse The gnoll barely misses you.
You see here 2 poisoned darts.
You hit the gnoll.
The gnoll is moderately wounded.
The gnoll hits you with a +0 spear.
You hit the gnoll.
The gnoll is severely wounded.
The gnoll hits you with a +0 spear!
You barely miss the gnoll.
The gnoll is severely wounded.
The gnoll hits you but does no damage.
You barely miss the gnoll.
The gnoll is severely wounded.
The gnoll hits you from afar with a +0 spear!
You die...

......##................#
......##.################
.....S##.............#
..ggg.##############.#
......# #.# ####'## #.#
#.############# #.#
#..(((.....gg.###.#
#############@#...#
#)#.##### #.#.....#
#.#####.# #.#####.#
#....)..# #########


You could see 2 gnolls.

Vanquished Creatures
  2 gnolls (D:2)
  6 ball pythons
  2 bats (D:1)
  3 endoplasms
  A giant cockroach (D:1)
  5 goblins (D:1)
  2 hobgoblins (D:1)
  2 quokkas (D:1)
  A frilled lizard (D:1)
  3 kobolds (D:1)
  A rat (D:1)
28 creatures vanquished.

Notes
Turn   | Place    | Note
-------+----------+-------------------------------------------
     0 | D:1      | styxcanada the Spriggan Brigand began the quest for the
                  | Orb.
     0 | D:1      | Reached XP level 1. HP: 10/10 MP: 2/2
    36 | D:1      | Reached skill level 6 in Stealth
   180 | D:1      | Reached XP level 2. HP: 13/14 MP: 3/3
   979 | D:1      | Reached XP level 3. HP: 15/16 MP: 4/4
  1013 | D:1      | Found a faded altar of an unknown god.
  1475 | D:2      | Reached skill level 7 in Stealth
  1487 | D:2      | Slain by a gnoll

Illustrated notes

Levels and vault maps discovered:
D:1:      dpeg_arrival_arbitrary_a, layout_basic,
          chequers_ecumenical_altar_simple_redux, minmay_tromino_mix6
D:2:      layout_basic

Skill      XL: |  1  2  3 |
---------------+----------+-----
Stealth        | 6 7 |  7.0
Dodging        | 2 |  2.1
Fighting       | |  1.8
Short Blades   | |  2.6
Throwing       | |  2.1

Action                   || total
-------------------------++-------
Melee: Dagger            ||    64
Throw: Dart              ||    13
 Stab: Sleeping          ||     9
Armor: Robe              ||     9
Dodge: Dodged            ||    36
